 Dungeon Crawl Stone Soup version 0.26.0-16-gc1dbca0489 (webtiles) character file.

Game seed: 678353119243096175

2074 magig69 the Blocker (level 9, -10/59 HPs)
             Began as a Gargoyle Fighter on Jan 19, 2021.
             Was an Initiate of Okawaru.
             Mangled by a komodo dragon (17 damage)
             ... on level 7 of the Dungeon.
             The game lasted 00:23:57 (6148 turns).

magig69 the Blocker (Gargoyle Fighter)              Turns: 6148, Time: 00:23:58

Health: -10/59     AC: 18    Str: 29    XL:     9   Next: 26%
Magic:  10/10      EV: 12    Int:  9    God:    Okawaru [......]
Gold:   464        SH: 11    Dex:  9    Spells: 8/8 levels left

rFire    . . .     SeeInvis .   x - +2 dagger (venom)
rCold    . . .     Faith    .   c - +0 kite shield
rNeg     + . .     Spirit   .   b - +0 scale mail
rPois    ∞         Reflect  .   u - +0 helmet (curse)
rElec    +         Harm     .   k - +1 cloak
rCorr    .         Rampage  .   (no gloves)
Will     .....                  (no boots)
Stlth    ..........             (no amulet)
HPRegen  0.19/turn              C - +6 ring of strength
MPRegen  0.12/turn              s - +4 ring of evasion

@: no status effects
A: negative energy resistance 1, electricity resistance, unbreathing,
petrification resistance, miasma immunity, AC +6
a: Renounce Religion


You were on level 7 of the Dungeon.
You worshipped Okawaru.
Okawaru was noncommittal.
You visited 2 branches of the dungeon, and saw 8 of its levels.

You collected 464 gold pieces.

Inventory:

Hand Weapons
 a - a +0 long sword
 x - a +2 dagger of venom (weapon)
 F - a +2 vorpal shortbow
Missiles
 y - 12 poisoned darts (quivered)
 G - 18 arrows
Armour
 b - a +0 scale mail (worn)
 c - a +0 kite shield (worn)
 k - a +1 cloak (worn)
 u - a cursed +0 helmet (worn)
 A - a +0 chain mail
Jewellery
 e - an uncursed ring of protection from cold
 s - a +4 ring of evasion (right hand)
 C - a +6 ring of strength (left hand)
Wands
 o - a wand of paralysis (22)
 B - a wand of digging (6)
 I - a wand of random effects (27)
Scrolls
 f - 5 scrolls of remove curse {unknown}
 g - 6 scrolls of teleportation {unknown}
 h - 10 scrolls of identify {unknown}
 i - 2 scrolls of amnesia {unknown}
 m - a scroll of fog {unknown}
 n - 3 scrolls of noise {unknown}
 p - 2 scrolls of blinking {unknown}
 w - 2 scrolls of immolation {unknown}
 D - a scroll of fear {unknown}
 H - a scroll of enchant weapon {unknown}
Potions
 d - 5 potions of might
 j - a potion of lignification {unknown}
 l - 2 potions of haste {unknown}
 q - 2 potions of degeneration {unknown}
 r - a potion of flight {unknown}
 t - a potion of resistance
 v - a potion of attraction {unknown}
 z - a potion of cancellation {unknown}
 E - a potion of heal wounds {unknown}
 J - 2 potions of berserk rage {unknown}


   Skills:
 + Level 8.1 Fighting
 - Level 1.7 Long Blades
 + Level 8.1 Armour
 + Level 8.1 Shields
 + Level 2.0 Invocations


You had 8 spell levels left.
You didn't know any spells.
Your spell library contained the following spells:

 Spells                   Type           Power        Failure   Level
 Animate Skeleton         Necr           0%           88%         1
 Apportation              Tloc           0%           88%         1
 Corona                   Hex            0%           88%         1
 Summon Small Mammal      Summ           0%           88%         1
 Slow                     Hex            0%           96%         2
 Inner Flame              Hex/Fire       0%           99%         3
 Portal Projectile        Hex/Tloc       0%           99%         3
 Cause Fear               Hex            0%           100%        4
 Leda's Liquefaction      Hex/Erth       0%           100%        4


Dungeon Overview and Level Annotations

Branches:
Dungeon (7/15)             Temple (1/1) D:6

Altars:
Ashenzari
Cheibriados
Dithmenos
Kikubaaqudgha
Makhleb
Nemelex Xobeh
Okawaru
Ru
Trog
Uskayaw
Wu Jian
Yredelemnul
Zin

Shops:
D:7 :

Annotations:
D:3 2 runed translucent doors, Sweebthomas's ghost, amateur FoFi
D:4 3 runed translucent doors, willcat's ghost, amateur DgCj


Innate Abilities, Weirdness & Mutations

You are resistant to torment.
Your stone body is resilient. (AC +6)
You are immune to poison.
You resist negative energy. (rN+)
You are resistant to electric shocks. (rElec)
You can survive without breathing.
You are immune to petrification.
You are immune to miasma.


Message History

You hit the komodo dragon.
The komodo dragon looks as sick as possible!
The komodo dragon is heavily wounded.
You block the komodo dragon's attack.
You barely miss the komodo dragon.
The komodo dragon is heavily wounded.
The komodo dragon bites you but does no damage.
The komodo dragon bites you!!
* * * LOW HITPOINT WARNING * * *
You closely miss the komodo dragon.
The komodo dragon is severely wounded.
The komodo dragon bites you but does no damage.
You barely miss the komodo dragon.
The komodo dragon is severely wounded.
You block the komodo dragon's attack.
You hit the komodo dragon.
The komodo dragon looks as sick as possible!
The komodo dragon is severely wounded.
The komodo dragon bites you!
You die...

#.###.###.# ##.##
###. #.........#
#.# #. #........##
#.# #. #.###†##.#
#'## #. # #.....#
#...# #† #.....#
#..... #. #.....#
#...... ##.
#.....####.......
.####..
#.......@l.......
.'.....
.........###.......
.####.. .#######.#
#...... ##. # #.#
#..... #. #.# #...#
## #.# #'## #.# .#
#.# #


You could see a komodo dragon (extremely poisoned).

Vanquished Creatures
  Edmund (D:6)
  An orc warrior (D:6)
  A sky beast (D:6)
  An ogre (D:5)
  A centaur (D:5)
  4 bullfrogs
  5 scorpions
  A bullfrog zombie (D:6)
  2 orc priests
  4 hounds
  2 jellies
  6 orc wizards
  A gnoll shaman (D:4)
  2 iguanas
  3 worker ants
  A hound zombie (D:7)
  A hound skeleton (D:7)
  A worker ant zombie (D:5)
  Robin (D:2)
  12 gnolls
  2 howler monkey skeletons
  13 adders
  2 shadow imps (D:6)
  An ufetubus (D:6)
  2 oozes
  An adder zombie (D:5)
  5 worms
  3 dart slugs
  7 leopard geckos
  27 orcs
  4 bats
  6 giant cockroaches
  12 goblins
  16 hobgoblins
  10 jackals
  6 kobolds
  3 quokkas
  2 ball pythons
  8 frilled lizards
  A jackal skeleton (D:7)
  A quokka skeleton (D:4)
  5 rats
188 creatures vanquished.

Vanquished Creatures (others)
  8 plants (D:7)
8 creatures vanquished.

Grand Total: 196 creatures vanquished

Notes
Turn   | Place    | Note
-------+----------+-------------------------------------------
     0 | D:1      | magig69 the Gargoyle Fighter began the quest for the Orb.
     0 | D:1      | Reached XP level 1. HP: 14/14 MP: 1/1
   145 | D:1      | Reached XP level 2. HP: 14/19 MP: 2/2
   557 | D:1      | Reached XP level 3. HP: 24/24 MP: 3/3
  1182 | D:2      | Noticed a bullfrog
  1190 | D:2      | Killed a bullfrog
  1191 | D:2      | Reached XP level 4. HP: 12/30 MP: 4/4
  1191 | D:2      | Reached XP level 5. HP: 13/34 MP: 5/5
  1590 | D:2      | Noticed Robin
  1651 | D:2      | Killed Robin
  2376 | D:3      | Reached XP level 6. HP: 40/40 MP: 6/6
  2481 | D:3      | Reached skill level 5 in Shields
  2558 | D:3      | Reached skill level 5 in Fighting
  2558 | D:3      | Reached skill level 5 in Armour
  2584 | D:3      | Found a large runed translucent door.
  2586 | D:3      | Found a large runed translucent door.
  2588 | D:3      | Noticed Sweebthomas's ghost (amateur FoFi)
  3165 | D:4      | Found a sacrificial altar of Ru.
  3202 | D:4      | Reached XP level 7. HP: 40/44 MP: 7/7
  3347 | D:4      | Found a runed translucent gate.
  3347 | D:4      | Found a runed translucent gate.
  3347 | D:4      | Found a runed translucent gate.
  3348 | D:4      | Identified the +6 short sword of Doors {chaos, rElec
                  | Stlth+}
  3348 | D:4      | Noticed willcat's ghost (amateur DgCj)
  3923 | D:5      | Entered Level 5 of the Dungeon
  4186 | D:5      | Found a shadowy altar of Dithmenos.
  4219 | D:5      | Reached XP level 8. HP: 52/52 MP: 8/8
  5084 | D:6      | Found a burning altar of Makhleb.
  5123 | D:6      | Noticed Edmund
  5142 | D:6      | Killed Edmund
  5350 | D:6      | Reached XP level 9. HP: 53/58 MP: 9/9
  5424 | D:6      | Found a staircase to the Ecumenical Temple.
  5429 | Temple   | Entered the Ecumenical Temple
  5473 | Temple   | Became a worshipper of Warmaster Okawaru
  5808 | D:7      | Reached skill level 1 in Invocations
  5897 | D:7      | Found Toejoptopre's Book Boutique.
  6130 | D:7      | Noticed a komodo dragon
  6148 | D:7      | Mangled by a komodo dragon

Illustrated notes

Levels and vault maps discovered:
D:1:      dpeg_arrival_round_b, layout_basic, serial_rivers,
          chequers_serial_rivers_large_a, chequers_serial_rivers_room_a,
          chequers_serial_rivers_small_3, chequers_serial_rivers_small_b,
          minmay_misc_feat_encased
D:2:      layout_basic, grunt_decor_cap, uniq_robin
D:3:      layout_loops_ring, ebering_ghost_disaster_area
D:4:      layout_loops_cross, gammafunk_ghost_nasty_kobolds,
          chequers_serial_rivers_micro_d, nicolae_ru_great_annihilating_truth
D:5:      layout_rooms, kennysheep_mini, minmay_statues_item, minmay_holes
D:6:      layout_basic, lemuel_doored_altar, minmay_temple_entry_nine_rooms,
          minivault_1, uniq_edmund
D:7:      layout_loops_corners, nicolae_overflow_hidden_temple, serial_shops,
          nicolae_shop_statue_plus, minmay_misc_feat_five, minmay_lizard_king,
          uniq_menkaure, uniq_maggie, uniq_crazy_yiuf_cottage
Temple:   cyrus_temple_forest

Skill      XL: |  1  2  3  4  5  6  7  8  9 |
---------------+----------------------------+-----
Fighting       | 4 5 6 7 8 |  8.1
Armour         | 4 5 6 7 8 |  8.1
Shields        | 4 5 6 7 8 |  8.1
Invocations    | 2 |  2.0
Long Blades    | |  1.7

Action                   |  1- 3 |  4- 6 |  7- 9 || total
-------------------------+-------+-------+-------++-------
Melee: Long sword        |    98 |   127 |       ||   225
       Dagger            |       |   126 |   470 ||   596
 Stab: Paralysed         |       |     1 |       ||     1
Armor: Scale mail        |    56 |    95 |   148 ||   299
Dodge: Dodged            |    26 |   102 |   181 ||   309
Block: Kite shield       |    49 |   121 |   261 ||   431
       Rpst.: Long sword |     8 |    27 |       ||    35
